General information
- name: BNet
- type: Ladder 1vs1/FFA
- host: Battle.net
- saver: gaybabby420
map: MeltingValley
- players: 2
- length: 24:14
- speed: Fast
- version: 1.24 W3XP
- replay type: Public
» download(89 KB)
Players
team 1 (winner)

»
gaybabby420 (
green | 108 APM | 2613 actions | 24:14)
6 Dreadlord
3 Sleep
2 Vampiric Aura
1 Inferno
4 Pandaren Brewmaster
2 Drunken Haze
2 Drunken Brawler
» actions
| Assign group hotkey | 627 | |
| Basic commands | 97 | |
| Build / train | 83 | |
| ESC pressed | 4 | |
| Enter build submenu | 22 | |
| Enter hero's abilities submenu | 11 | |
| Give item / drop item | 9 | |
| Remove unit from queue | 1 | |
| Right click | 613 | |
| Select / deselect | 366 | |
| Select group hotkey | 580 | |
| Use ability | 200 | |
2613 total
» units
| Acolyte | 3 | |
| Ghoul | 19 | |
| Obsidian Statue | 7 | |
| Necromancer | 7 | |
| Crypt Fiend | 3 | |
| Gargoyle | 2 | |
41 total
» upgrades
| Cannibalize | 1 | |
| Web | 1 | |
| Necromancer Training | 2 | |
| Destroyer Form | 1 | |
| Ghoul Frenzy | 1 | |
6 total
» buildings
| Crypt | 1 | |
| Altar of Darkness | 1 | |
| Ziggurat | 8 | |
| Tomb of Relics | 1 | |
| Halls of the Dead | 1 | |
| Graveyard | 1 | |
| Temple of the Damned | 1 | |
| Slaughterhouse | 1 | |
| Black Citadel | 3 | |
| Sacrificial Pit | 2 | |
20 total
» build order
00:11 Crypt
00:21 Altar of Darkness
00:33 Ziggurat
00:37 Ziggurat
01:17 Tomb of Relics
01:44 Ziggurat
03:04 Halls of the Dead
03:25 Ziggurat
04:06 Graveyard
05:34 Temple of the Damned
05:35 Slaughterhouse
05:38 Ziggurat
06:17 Black Citadel
06:17 Black Citadel
06:18 Black Citadel
10:02 Ziggurat
10:44 Ziggurat
10:59 Sacrificial Pit
15:26 Ziggurat
21:34 Sacrificial Pit
» items
| Rod of Necromancy | 3 | |
| Dust of Appearance | 2 | |
| Potion of Healing | 4 | |
| Potion of Mana | 1 | |
| Orb of Corruption | 1 | |
| Scroll of Town Portal | 1 | |
| Potion of Lesser Invulnerability | 1 | |
13 total
team 2 (loser)
TheAdmiraL (
purple | 96 APM | 2315 actions | 24:12)
5 Blademaster
3 Critical Strike
2 Wind Walk
4 Tauren Chieftain
2 War Stomp
2 Endurance Aura
» actions
| Assign group hotkey | 61 | |
| Basic commands | 86 | |
| Build / train | 76 | |
| Enter build submenu | 31 | |
| Enter hero's abilities submenu | 9 | |
| Give item / drop item | 6 | |
| Right click | 1007 | |
| Select / deselect | 601 | |
| Select group hotkey | 179 | |
| Use ability | 259 | |
2315 total
» units
| Peon | 12 | |
| Grunt | 9 | |
| Raider | 3 | |
| Spirit Walker | 9 | |
| Wind Rider | 3 | |
| Tauren | 5 | |
| Troll Batrider | 3 | |
44 total
» upgrades
| Ensnare | 1 | |
| Armor | 1 | |
| Spirit Walker Training | 2 | |
| Envenomed Spears | 1 | |
| Melee Weapons | 1 | |
| Pulverize | 1 | |
7 total
» buildings
| Altar of Storms | 1 | |
| Orc Burrow | 7 | |
| Barracks | 1 | |
| Voodoo Lounge | 1 | |
| Stronghold | 1 | |
| War Mill | 2 | |
| Beastiary | 2 | |
| Spirit Lodge | 1 | |
| Great Hall | 2 | |
| Fortress | 2 | |
| Tauren Totem | 1 | |
| Watch Tower | 10 | |
31 total
» build order
00:07 Altar of Storms
00:19 Orc Burrow
00:34 Barracks
01:32 Orc Burrow
01:54 Voodoo Lounge
03:08 Stronghold
03:57 Orc Burrow
04:28 War Mill
04:30 War Mill
05:33 Beastiary
05:36 Beastiary
06:20 Spirit Lodge
07:17 Orc Burrow
09:26 Great Hall
09:45 Fortress
09:45 Fortress
11:02 Orc Burrow
13:53 Tauren Totem
19:34 Orc Burrow
19:40 Orc Burrow
19:57 Great Hall
20:05 Watch Tower
20:35 Watch Tower
20:35 Watch Tower
21:06 Watch Tower
21:08 Watch Tower
21:14 Watch Tower
22:19 Watch Tower
22:27 Watch Tower
23:03 Watch Tower
23:05 Watch Tower
» items
| Healing Salve | 6 | |
| Scroll of Speed | 1 | |
| Boots of Speed | 1 | |
| Scroll of Town Portal | 1 | |
| Lesser Clarity Potion | 1 | |
| Potion of Healing | 1 | |
11 total
Chat log
(00:15 / All) TheAdmiraL: gl h
(00:16 / All) TheAdmiraL: f
(00:23 / All) gaybabby420: glhf!!
(02:36 / All) TheAdmiraL: dl rush?
(02:38 / All) TheAdmiraL: >>>
(02:43 / All) gaybabby420: how does a dl rush
(24:12 / All) TheAdmiraL: gg